 Dungeon Crawl Stone Soup version 0.24-a0-275-g6f7e2cb (webtiles) character file.

Game seed: 3969678796425106749

203 mhoghedin the Shooter (level 5, 0/34 HPs)
             Began as a Tengu Hunter on Apr 27, 2019.
             Killed from afar by an orc wizard (8 damage)
             ... with a puff of flame
             ... on level 3 of the Dungeon.
             The game lasted 00:05:43 (2493 turns).

mhoghedin the Shooter (Tengu Hunter)                Turns: 2493, Time: 00:05:44

Health: 0/34       AC:  3    Str: 13    XL:     5   Next: 81%
Magic:  6/6        EV: 12    Int: 11    God:
Gold:   145        SH:  0    Dex: 15    Spells: 4/4 levels left

rFire    . . .     SeeInvis .   b - +1 whip (drain)
rCold    . . .     Gourm    .   (no shield)
rNeg     . . .     Faith    +   c - +0 leather armour
rPois    .         Spirit   .   (helmet restricted)
rElec    .         Reflect  .   (no cloak)
rCorr    .         Harm     .   (no gloves)
MR       .....                  (boots unavailable)
Stlth    ++........             o - amulet of faith {Faith, !P}
HPRegen  0.11/turn              (no ring)
MPRegen  0.10/turn              (no ring)

@: no status effects
A: beak, talons 3, able to fly
a: Fly


You were on level 3 of the Dungeon.
You were not hungry.

You visited 1 branch of the dungeon, and saw 3 of its levels.

You collected 145 gold pieces.

Inventory:

Hand Weapons
 a - a +1 shortbow
 b - a +1 whip of draining (weapon)
   (You found it on level 1 of the Dungeon)
Missiles
 d - 11 arrows
Armour
 c - a +0 leather armour (worn)
Jewellery
 o - an amulet of faith (around neck) {Faith, !P}
   (You found it on level 2 of the Dungeon)
Scrolls
 h - a scroll of enchant weapon {unknown}
 i - 2 scrolls of teleportation
 k - 3 scrolls of identify
 n - a scroll of remove curse
Potions
 e - a potion of agility
 g - 2 potions of heal wounds
 j - a potion of curing {unknown}
 l - 3 potions of haste
 m - a potion of degeneration {unknown}
 q - 3 potions of lignification {unknown}
Comestibles
 f - 4 rations
 p - 2 chunks of flesh {@w0}


   Skills:
 + Level 4.3 Fighting
 + Level 6.1 Bows
 - Level 2.1 Dodging
 - Level 1.0 Stealth


You had 4 spell levels left.
You didn't know any spells.
Your spell library was empty.

Dungeon Overview and Level Annotations

Branches:
Dungeon (3/15)

Altars:


Innate Abilities, Weirdness & Mutations

You have a beak for a mouth.
You have claws for feet.
You can fly continuously.


Message History

You hit the orc wizard. You claw the orc wizard.
You kill the orc wizard!
The orc hits you with a +0 short sword.
You take 3 damage, and have 25/33 hp.
You hit the orc. Your kick misses the orc. You peck the orc, but do no damage.
The orc hits you with a +0 short sword.
You take 2 damage, and have 23/33 hp.
You hit the orc. You drain the orc. Your peck misses the orc.
The orc barely misses you.
You hit the orc but do no damage. You drain the orc.
You kill the orc!
d - 21 arrows (gained 3)
Items here: ))) [ †† a +0 short sword; a +0 dagger; a +0 robe; a +0 short sword; an orc corpse x2
You butcher the orc corpse.
p - a chunk of flesh {@w0}
Items here: ))) [ ÷ † a +0 short sword; a +0 dagger; a +0 robe; a +0 short sword; an orc skeleton an orc corpse You butcher the orc corpse.
p - 2 chunks of flesh {@w0} (gained 1)
Items here: ))) [ ÷÷ a +0 short sword; a +0 dagger; a +0 robe; a +0 short sword; an orc skeleton x2
d - 22 arrows (gained 1)
Things that are here:
a +0 trident; a +0 leather armour; an orc corpse
Things that are here:
a +0 dagger; an orc corpse You start resting.
An orc comes into view. It is wielding a -3 trident.
a - a +1 shortbow (weapon)
Firing (i - inventory)
d - 22 arrows (quivered)
Aim: an orc, wielding a -3 trident (hasn't noticed you)
You shoot an arrow. The arrow hits the orc.
Firing (i - inventory)
d - 21 arrows (quivered)
Aim: an orc, wielding a -3 trident (severely wounded)
You shoot an arrow. The arrow barely misses the orc.
Firing (i - inventory)
d - 20 arrows (quivered)
Aim: an orc, wielding a -3 trident (severely wounded)
You shoot an arrow. The arrow barely misses the orc.
An orc wizard comes into view. It is wielding a +0 dagger.
Firing (i - inventory)
d - 19 arrows (quivered)
Aim: an orc, wielding a -3 trident (severely wounded)
You shoot an arrow. The orc wizard shouts!
The arrow hits the orc!
You kill the orc!
Firing (i - inventory)
d - 18 arrows (quivered)
Aim: an orc wizard, wielding a +0 dagger and wearing a +0 robe You shoot an arrow.
The arrow barely misses the orc wizard.
Firing (i - inventory)
d - 17 arrows (quivered)
Aim: an orc wizard, wielding a +0 dagger and wearing a +0 robe You shoot an arrow.
The arrow closely misses the orc wizard.
Firing (i - inventory)
d - 16 arrows (quivered)
Aim: an orc wizard, wielding a +0 dagger and wearing a +0 robe You shoot an arrow.
The arrow completely misses the orc wizard.
The orc wizard looks encouraged for a moment.
Things that are here:
a +0 trident; a +0 leather armour; an orc corpse Firing (i - inventory)
d - 15 arrows (quivered)
Aim: an orc wizard, wielding a +0 dagger and wearing a +0 robe You shoot an arrow.
The arrow barely misses the orc wizard.
The orc wizard casts a spell at you. The puff of frost hits you.
Items here: ))) [ ÷÷ a +0 short sword; a +0 dagger; a +0 robe; a +0 short sword; an orc skeleton x2
Firing (i - inventory)
d - 14 arrows (quivered)
Aim: an orc wizard, wielding a +0 dagger and wearing a +0 robe You shoot an arrow.
The arrow closely misses the orc wizard.
You take 5 damage, and have 22/34 hp.
Firing (i - inventory)
d - 13 arrows (quivered)
Aim: an orc wizard, wielding a +0 dagger and wearing a +0 robe You shoot an arrow.
The arrow hits the orc wizard!
Firing (i - inventory)
d - 12 arrows (quivered)
Aim: an orc wizard, wielding a +0 dagger and wearing a +0 robe (heavily wounded)
You shoot an arrow.
The arrow hits the orc wizard but does no damage.
The orc wizard gestures at you while chanting.
The puff of frost hits you!
The orc wizard gestures at you while chanting.
The puff of flame hits you.
* * * LOW HITPOINT WARNING * * *
There is an open door here.
You take 15 damage, and have 7/34 hp.
MASSIVE DAMAGE!!
You sense an unholy aura.
b - a +1 whip of draining (weapon)
The orc wizard hits you but does no damage.
You miss the orc wizard.
The orc wizard casts a spell.
The orc wizard seems to speed up.
Unknown command.
You hit the orc wizard but do no damage.
You claw the orc wizard.
The orc wizard points at you and mumbles some strange words.
The puff of flame hits you!
You die...

#o. .... #.##...## ......
#........ ..........##
#........ ............
#......(. ..........######
#......(. ..........##...#
#......(.
..........##...#####...(..(.
...........+...'@o()...((...
..........##...######.......
...................# #+#####
##...#.).......###.#
##...#†........#
##...#.........#
##...#.........#
.....+.........#
######.........#


You could see an orc wizard.

Vanquished Creatures
  A scorpion (D:3)
  An orc wizard (D:3)
  Jessica (D:2)
  Robin (D:2)
  2 adders (D:2)
  2 worms
  2 dart slugs (D:1)
  A leopard gecko (D:2)
  5 orcs (D:3)
  3 ball pythons
  A giant cockroach (D:2)
  15 goblins
  4 hobgoblins
  2 jackals (D:3)
  A quokka (D:2)
  3 bats
  4 frilled lizards
  3 kobolds
  2 rats
54 creatures vanquished.

Notes
Turn   | Place    | Note
-------+----------+-------------------------------------------
     0 | D:1      | mhoghedin the Tengu Hunter began the quest for the Orb.
     0 | D:1      | Reached XP level 1. HP: 12/12 MP: 2/2
   206 | D:1      | Reached XP level 2. HP: 18/18 MP: 3/3
   780 | D:2      | Noticed Robin
   888 | D:1      | Reached XP level 3. HP: 18/22 MP: 4/4
   970 | D:1      | Reached skill level 5 in Bows
  1174 | D:2      | Reached skill level 3 in Fighting
  1324 | D:2      | Killed Robin
  1440 | D:2      | Found a faded altar of an unknown god.
  1528 | D:2      | Noticed Jessica
  1542 | D:2      | Killed Jessica
  1542 | D:2      | Reached XP level 4. HP: 19/28 MP: 5/5
  2160 | D:3      | Reached skill level 4 in Fighting
  2160 | D:3      | Gained mutation: You can fly continuously. [Tengu growth]
  2160 | D:3      | Reached XP level 5. HP: 33/33 MP: 6/6
  2448 | D:3      | Reached skill level 6 in Bows
  2489 | D:3      | HP: 7/34 [orc wizard/puff of flame (6)]
  2493 | D:3      | Killed from afar by an orc wizard

Levels and vault maps discovered:
D:1:      dpeg_arrival_simpleton_b, layout_basic
D:2:      layout_loops_ring, chequers_ecumenical_altar_island, kennysheep_nub,
          uniq_jessica, uniq_robin
D:3:      layout_basic

Skill      XL: |  1  2  3  4  5 |
---------------+----------------+-----
Bows           | 5 6 |  6.1
Fighting       | 3 4 |  4.3
Dodging        | |  2.1
Stealth        | |  1.0

Action                   |  1- 3 |  4- 6 || total
-------------------------+-------+-------++-------
Melee: Whip              |    10 |    40 ||    50
       Kick              |     1 |    13 ||    14
       Peck              |     1 |     4 ||     5
 Fire: Shortbow          |    75 |    29 ||   104
  Use: Scroll            |    10 |       ||    10
       Potion            |     1 |       ||     1
 Stab: Sleeping          |       |     2 ||     2
  Eat: Chunk             |     2 |     1 ||     3
       Ration            |       |     1 ||     1
Armor: Leather armour    |     6 |     3 ||     9
Dodge: Dodged            |    34 |    30 ||    64

Table legend:
 A = Non-vault XP
 B = Vault XP
 C = Vault XP percentage of total XP
 D = Non-vault monster count
 E = Vault monster count
 F = Vault count percentage of total count
                 A         B        C        D         E       F
            +---------+---------+-------+---------+---------+-------
      Total |     217 |      74 |  25.4 |      41 |      13 |  24.1
            +---------+---------+-------+---------+---------+-------
        D:1 |      23 |      14 |  37.8 |      13 |       7 |  35.0
        D:2 |      44 |      60 |  57.7 |      10 |       6 |  37.5
        D:3 |     150 |       0 |   0.0 |      18 |       0 |   0.0
            +---------+---------+-------+---------+---------+-------

Levels and vault maps discovered:
D:1:      dpeg_arrival_simpleton_b, layout_basic
D:2:      layout_loops_ring, chequers_ecumenical_altar_island, kennysheep_nub,
          uniq_jessica, uniq_robin
D:3:      layout_basic

Table legend:
 A = Turns spent in this place as a percentage of turns spent in the entire game.
 B = Non-inter-level travel turns spent in this place as a percentage of non-inter-level travel turns spent in the entire game.
 C = Inter-level travel turns spent in this place as a percentage of turns spent in this place.
 D = Turns resting spent in this place as a percentage of non-inter-level travel turns spent in this place.
 E = Turns spent auto-exploring this place as a percentage of non-inter-level travel turns spent in this place.
 F = Non-inter-level travel turns spent in this place divided by the number of levels of this place that you've seen.
                   A       B       C       D       E      F
               +-------+-------+-------+-------+-------+----------------------
         Total | 100.0 | 100.0 |   5.4 |  21.1 |  61.7 | 786.3
       Dungeon | 100.0 | 100.0 |   5.4 |  21.1 |  61.7 | 786.3
               +-------+-------+-------+-------+-------+----------------------

Table legend:
 A = Kills in this place as a percentage of kills in entire the game.
 B = Kills by you in this place as a percentage of kills by you in the entire game.
 C = Kills by friends in this place as a percentage of kills by friends in the entire game.
 D = Other kills in this place as a percentage of other kills in the entire game.
 E = Experience gained in this place as a percentage of experience gained in the entire game.
 F = Experience gained in this place divided by the number of levels of this place that you have seen.
                   A       B       C       D       E      F
               +-------+-------+-------+-------+-------+----------------------
         Total | 100.0 | 100.0 |   N/A |   N/A | 100.0 |  97.0
       Dungeon | 100.0 | 100.0 |   N/A |   N/A | 100.0 |  97.0
               +-------+-------+-------+-------+-------+----------------------
